 Dungeon Crawl Stone Soup version 0.30.0-29-ga12c61a403 (webtiles) character file.

Game seed: 11730455186220660898

2001 croobank the Frost Mage (level 9, -6/65 HPs)
             Began as a Gnoll Ice Elementalist on June 21, 2023.
             Was an Elder of Sif Muna.
             Mangled by Duvessa
             ... wielding a +0 short sword of speed
              (14 damage)
             ... on level 7 of the Dungeon.
             The game lasted 00:23:23 (6671 turns).

croobank the Frost Mage (Gnoll Ice Elementalist)    Turns: 6671, Time: 00:23:23

Health: -6/65      AC: 14    Str:  8    XL:     9   Next: 22%
Magic:  13/18      EV: 14    Int: 19    God:    Sif Muna [****..]
Gold:   333        SH:  0    Dex: 12    Spells: 10/21 levels left

rFire   + . .        F - +3 falchion (spect)
rCold   . . .        (no shield)
rNeg    . . .        a - +0 robe
rPois   .            q - +1 helmet
rElec   .            (no cloak)
rCorr   +            k - +1 pair of gloves "Laem" {rCorr SInv}
SInv    +            (no boots)
Will    .....        g - amulet of the acrobat
Stlth   +++          v - ring of protection from fire
HPRegen 0.30/turn    (no ring)
MPRegen 0.16/turn

%: acrobat
@: ice-armoured
A: fangs 1, strong nose, distributed training
a: Renounce Religion, Channel Magic, Forget Spell, Divine Exegesis


You were on level 7 of the Dungeon.
You worshipped Sif Muna.
Sif Muna was greatly pleased with you.
You visited 1 branch of the dungeon, and saw 8 of its levels.

You collected 333 gold pieces.

Inventory:

Hand Weapons
 f - a +3 dagger of venom
 i - a +0 short sword
 m - a +4 scimitar of electrocution
 n - a +0 trident
 D - a +0 war axe
 F - a +3 spectral falchion (weapon)
Missiles
 d - 13 poisoned darts
 u - 2 silver boomerangs
Armour
 a - a +0 robe (worn)
 k - the +1 pair of gloves "Laem" (worn) {rCorr SInv}
   (You found it on level 6 of the Dungeon)

   SInv:      It lets you see invisible.
   rCorr:     It protects you from acid and corrosion.
 q - a +1 helmet (worn)
 y - a +1 robe of willpower
 E - a +0 leather armour
Magical Staves
 A - a staff of conjuration
Jewellery
 g - an amulet of the acrobat (around neck)
 v - a ring of protection from fire (left hand)
Scrolls
 c - 2 scrolls of teleportation
 x - a scroll of brand weapon
 C - a scroll of identify
 H - a scroll of fog
Potions
 b - a potion of magic
 e - 5 potions of curing {unknown}
 h - a potion of degeneration
 j - a potion of attraction
 o - a potion of heal wounds
 p - 3 potions of resistance
 r - a potion of brilliance
 t - a potion of experience {unknown}
 z - 3 potions of might
 B - a potion of haste {unknown}
 G - a potion of lignification {unknown}
Miscellaneous
 l - a piece from Xom's chessboard (15/15)


   Skills:
 + Level 4.2 Fighting
 + Level 4.2 Short Blades
 + Level 4.2 Long Blades
 + Level 4.2 Axes
 + Level 4.2 Maces & Flails
 + Level 4.2 Polearms
 + Level 4.2 Staves
 + Level 4.2 Ranged Weapons
 + Level 4.2 Throwing
 + Level 4.2 Armour
 + Level 6.3 Dodging
 + Level 6.0 Stealth
 + Level 4.2 Shields
 + Level 4.2 Unarmed Combat
 + Level 6.6 Spellcasting
 + Level 3.4 Conjurations
 + Level 3.4 Hexes
 + Level 3.4 Summonings
 + Level 3.4 Necromancy
 + Level 3.4 Translocations
 + Level 3.4 Transmutations
 + Level 3.4 Fire Magic
 + Level 8.0 Ice Magic
 + Level 3.4 Air Magic
 + Level 3.4 Earth Magic
 + Level 3.4 Poison Magic
 + Level 4.6 Invocations
 + Level 4.2 Evocations


You had 10 spell levels left.
You knew the following spells:

 Your Spells              Type           Power      Damage    Failure   Level
a - Freeze                Ice            100%       1d10      1%          1
b - Frozen Ramparts       Ice            72%        1d11      1%          3
c - Ozocubu's Armour      Ice            36%        N/A       1%          3
d - Summon Ice Beast      Ice/Summ       28%        N/A       10%         4

Your spell library contained the following spells:

 Spells                   Type           Power      Damage    Failure   Level
 Apportation              Tloc           38%        N/A       2%          1
 Necrotise                Necr           76%        1d7       2%          1
 Summon Small Mammal      Summ           76%        N/A       2%          1
 Inner Flame              Hex/Fire       19%        N/A       8%          3
 Flame Wave               Conj/Fire      19%        2d7       26%         4
 Sticky Flame             Conj/Fire      19%        2d4       26%         4


Dungeon Overview and Level Annotations

Branches:
Dungeon (8/15)             Temple (0/1) D:7
   Lair: D:8-11

Altars:
Ashenzari
Cheibriados
Elyvilon
Gozag
Kikubaaqudgha
Ru
Sif Muna
Vehumet
Wu Jian
Xom
Yredelemnul

Shops:
D:4 *

Annotations:
D:7 Duvessa


Innate Abilities, Weirdness & Mutations

You have very sharp teeth.
Your uncanny sense of smell can sniff out nearby items.
Your experience applies equally to all skills.


Message History

Duvessa is moderately wounded.
The wall freezes Duvessa!
Duvessa misses you.
The wall freezes Dowan.
You kill Dowan!
Sif Muna accepts your kill.
Duvessa screams, "No!
How DARE you!"
Duvessa goes berserk!
The wall freezes Duvessa.
Duvessa barely misses you.
You barely miss Duvessa.
Duvessa is heavily wounded.
The wall freezes Duvessa.
Duvessa hits you with a +0 short sword of speed.
The wall freezes Duvessa.
Duvessa hits you but does no damage.
The wall freezes Duvessa but does no damage.
Duvessa hits you but does no damage.
You hit Duvessa but do no damage. Your bite misses Duvessa.
Duvessa is severely wounded.
The wall freezes Duvessa but does no damage.
Duvessa hits you with a +0 short sword of speed.
The wall freezes Duvessa!
Duvessa completely misses you.
You hit Duvessa.
Duvessa is almost dead.
The wall freezes Duvessa.
Duvessa closely misses you.
The wall freezes Duvessa but does no damage.
Duvessa hits you with a +0 short sword of speed!
The wall freezes Duvessa.
Duvessa closely misses you.
You hit Duvessa but do no damage. You bite Duvessa, but do no damage.
Duvessa is almost dead.
The wall freezes Duvessa but does no damage.
Duvessa hits you with a +0 short sword of speed!
The wall freezes Duvessa but does no damage.
Duvessa closely misses you.
You are too injured to fight recklessly!
You are too injured to fight recklessly!
You hit Duvessa but do no damage.
Duvessa is almost dead.
The frozen ramparts melt away.
Duvessa hits you with a +0 short sword of speed!
* * * LOW HITPOINT WARNING * * *
Duvessa barely misses you.
Duvessa hits you with a +0 short sword of speed!
You die...

#........#
#........#
##........########
.'........'..>...#
##........###.##.#
########## #.##.#
*,,,,,∆* #.##.#
*,,,,,,* #.##.#
*,,,,∆,* #.##@#
*,,,,,,* #.##e#
*,,,,∆,* #.##)#
*,,,,,,* #.##.#
*,,,,,>* *,*#.#
***,,,,,,****,*#.#
*,+,,,,,,+,,,,,..#
*,*,,,,,,****,*###
*,*,,,,,,* *,*


You could see Duvessa (berserk).

Vanquished Creatures
  A yak (D:7)
  An orc warrior (D:6)
  A black bear (D:6)
  An ice beast (D:6)
  3 ogres
  A kobold brigand (D:7)
  Blork the orc (D:6)
  A bullfrog (D:7)
  2 scorpions
  3 wights (D:7)
  Dowan (D:7)
  2 howler monkeys (D:5)
  5 orc priests
  2 hounds
  A jelly (D:6)
  5 iguanas
  A sleepcap (D:6)
  3 orc wizards
  6 adders
  3 gnolls (D:7)
  A shadow imp (D:7)
  2 white imps
  2 ufetubi
  3 worms
  2 dart slugs
  23 orcs
  9 endoplasms
  5 giant cockroaches
  16 goblins
  8 hobgoblins
  3 jackals (D:4)
  10 kobolds
  7 quokkas
  6 ball pythons
  3 bats
  4 frilled lizards
  6 rats
154 creatures vanquished.

Notes
Turn   | Place    | Note
-------+----------+-------------------------------------------
     0 | D:1      | croobank the Gnoll Ice Elementalist began the quest for the
                  | Orb.
     0 | D:1      | Reached XP level 1. HP: 13/13 MP: 6/6
   269 | D:1      | Reached XP level 2. HP: 19/19 MP: 5/7
   664 | D:1      | Reached skill level 5 in Spellcasting
   664 | D:1      | Reached XP level 3. HP: 25/25 MP: 5/9
   881 | D:2      | Found a faded altar of an unknown god.
   902 | D:2      | Learned a level 3 spell: Frozen Ramparts
   906 | D:2      | Learned a level 3 spell: Ozocubu's Armour
   928 | D:2      | Prayed at the altar of an unknown god.
   928 | D:2      | Became a worshipper of Sif Muna the Loreminder
   928 | D:2      | Reached * piety under Sif Muna
  1156 | D:2      | Reached skill level 1 in Invocations
  1277 | D:2      | Reached skill level 1 in Fighting
  1277 | D:2      | Reached skill level 1 in Short Blades
  1277 | D:2      | Reached skill level 1 in Long Blades
  1277 | D:2      | Reached skill level 1 in Axes
  1277 | D:2      | Reached skill level 1 in Maces & Flails
  1277 | D:2      | Reached skill level 1 in Polearms
  1277 | D:2      | Reached skill level 1 in Staves
  1277 | D:2      | Reached skill level 1 in Ranged Weapons
  1277 | D:2      | Reached skill level 1 in Throwing
  1277 | D:2      | Reached skill level 1 in Armour
  1277 | D:2      | Reached skill level 1 in Shields
  1277 | D:2      | Reached skill level 1 in Unarmed Combat
  1277 | D:2      | Reached skill level 1 in Evocations
  1704 | D:3      | Reached XP level 4. HP: 32/32 MP: 3/11
  1974 | D:3      | Reached skill level 1 in Conjurations
  1974 | D:3      | Reached skill level 1 in Hexes
  1974 | D:3      | Reached skill level 1 in Summonings
  1974 | D:3      | Reached skill level 1 in Necromancy
  1974 | D:3      | Reached skill level 1 in Translocations
  1974 | D:3      | Reached skill level 1 in Transmutations
  1974 | D:3      | Reached skill level 1 in Fire Magic
  1974 | D:3      | Reached skill level 1 in Air Magic
  1974 | D:3      | Reached skill level 1 in Earth Magic
  1974 | D:3      | Reached skill level 1 in Poison Magic
  2079 | D:3      | Reached ** piety under Sif Muna
  2194 | D:3      | Learned a level 4 spell: Summon Ice Beast
  2299 | D:3      | Found a snail-covered altar of Cheibriados.
  2459 | D:4      | Found a faded altar of an unknown god.
  2459 | D:4      | Found a faded altar of an unknown god.
  2467 | D:4      | Found a sacrificial altar of Ru.
  2473 | D:4      | Found a broken altar of Ashenzari.
  2475 | D:4      | Found a shimmering altar of Xom.
  2589 | D:4      | Reached XP level 5. HP: 4/37 MP: 0/12
  2799 | D:4      | Noticed an ogre
  2805 | D:4      | Killed an ogre
  2806 | D:4      | Reached XP level 6. HP: 34/44 MP: 3/13
  2965 | D:4      | Reached skill level 5 in Dodging
  3493 | D:4      | Found Tampaod's Elemental Accessories.
  3982 | D:5      | Entered Level 5 of the Dungeon
  4000 | D:5      | Reached XP level 7. HP: 50/50 MP: 15/15
  4060 | D:5      | Found an ornate altar of the Wu Jian Council.
  4074 | D:5      | Reached skill level 5 in Stealth
  4160 | D:5      | Reached *** piety under Sif Muna
  4909 | D:6      | Reached XP level 8. HP: 58/58 MP: 9/16
  4950 | D:6      | Identified the +1 pair of gloves "Laem" {rCorr SInv}
  5183 | D:6      | Found an opulent altar of Gozag.
  5212 | D:6      | Noticed Blork the orc
  5217 | D:6      | Killed Blork the orc
  5218 | D:6      | Found a radiant altar of Vehumet.
  5849 | D:6      | Found an ancient bone altar of Kikubaaqudgha.
  6010 | D:6      | Found a basalt altar of Yredelemnul.
  6108 | D:6      | Found a white marble altar of Elyvilon.
  6220 | D:7      | Reached XP level 9. HP: 37/65 MP: 12/18
  6238 | D:7      | HP: 1/61 [wight/+0 halberd (8)]
  6583 | D:7      | Reached skill level 8 in Ice Magic
  6634 | D:7      | Reached **** piety under Sif Muna
  6656 | D:7      | Noticed Duvessa
  6659 | D:7      | Noticed Dowan
  6666 | D:7      | Killed Dowan
  6671 | D:7      | Mangled by Duvessa

Illustrated notes

Levels and vault maps discovered:
D:1:      mrwooster_arrival_statue, layout_loops_cross
D:2:      layout_basic, nicolae_ecumenical_pavilion
D:3:      cheibrodos_greedy_goblins, layout_rooms, cheibrodos_worm_habitat
D:4:      layout_cave_pods, chequers_temple_overflow_minitemple,
          nicolae_elemental_shop
D:5:      wander_river, layout_loops_cross, nicolae_wu_jian_wuxing_cycle,
          hellmonk_bongcloud_opening
D:6:      layout_rooms, kennysheep_ying_yang, nicolae_overflow_crystal_walls,
          mainiacjoe_overflow_two_lobes, kennysheep_generic_room_12,
          uniq_blork_the_orc
D:7:      layout_basic, minmay_temple_entry_nine_rooms, uniq_crazy_yiuf_cottage,
          uniq_duvessa
D:8:      lemuel_slime, layout_loops_cross, minmay_manual_macuahuitl

Skill      XL: |  1  2  3  4  5  6  7  8  9 |
---------------+----------------------------+-----
Spellcasting   | 5 6 |  6.6
Invocations    | 1 2 3 4 |  4.6
Fighting       | 1 2 3 4 |  4.2
Short Blades   | 1 2 3 4 |  4.2
Long Blades    | 1 2 3 4 |  4.2
Axes           | 1 2 3 4 |  4.2
Maces & Flails | 1 2 3 4 |  4.2
Polearms       | 1 2 3 4 |  4.2
Staves         | 1 2 3 4 |  4.2
Ranged Weapons | 1 2 3 4 |  4.2
Throwing       | 1 2 3 4 |  4.2
Armour         | 1 2 3 4 |  4.2
Shields        | 1 2 3 4 |  4.2
Unarmed Combat | 1 2 3 4 |  4.2
Evocations     | 1 2 3 4 |  4.2
Conjurations   | 1 2 3 |  3.4
Hexes          | 1 2 3 |  3.4
Summonings     | 1 2 3 |  3.4
Necromancy     | 1 2 3 |  3.4
Translocations | 1 2 3 |  3.4
Transmutations | 1 2 3 |  3.4
Fire Magic     | 1 2 3 |  3.4
Air Magic      | 1 2 3 |  3.4
Earth Magic    | 1 2 3 |  3.4
Poison Magic   | 1 2 3 |  3.4
Dodging        | 5 6 |  6.3
Stealth        | 5 6 |  6.0
Ice Magic      | 8 |  8.0

Action                     |  1- 3 |  4- 6 |  7- 9 || total
---------------------------+-------+-------+-------++-------
  Melee: Unarmed           |     1 |       |       ||     1
         Dagger            |    22 |    68 |    56 ||   146
         Bite              |     1 |     7 |    18 ||    26
         Punch             |       |     1 |     4 ||     5
         Falchion          |       |     2 |    90 ||    92
   Cast: Freeze            |    27 |    11 |     5 ||    43
         Frozen Ramparts   |     7 |    13 |    15 ||    35
         Ozocubu's Armour  |     1 |    11 |    17 ||    29
    Use: Scroll            |       |    11 |     8 ||    19
         Potion            |       |     3 |     1 ||     4
   Stab: Sleeping          |    11 |     7 |     5 ||    23
         Distracted        |       |       |     1 ||     1
 Armour: Robe              |     4 |    18 |    36 ||    58
  Dodge: Dodged            |    31 |    32 |   115 ||   178
